 Dungeon Crawl Stone Soup version 0.10.4 character file.

324 kDorchaDelvin the Skirmisher (level 5, 0/21 HPs)
             Began as a Felid Wizard on Sept 24, 2021.
             Was a Believer of Lugonu.
             Slain by a giant frog (9 damage)
             ... on Level 5 of the Dungeon.
             The game lasted 00:28:08 (7228 turns).

kDorchaDelvin the Skirmisher (Felid Wizard)         Turns: 7228, Time: 00:28:08

HP   0/21        AC  1     Str  3      XL: 5   Next: 38%
MP   1/16        EV 24     Int 21      God: Lugonu [**....]
Gold 140         SH  0     Dex 19      Spells:  4 memorised,  3 levels left
Lives: 0, deaths: 1

Res.Fire  : . . .   See Invis. : +   (weapon unavailable)
Res.Cold  : . . .   Warding    : . . (armour unavailable)
Life Prot.: . . .   Conserve   : .   (shield unavailable)
Res.Acid. : . . .   Res.Corr.  : .   (helmet unavailable)
Res.Poison: .       Clarity    : .   (cloak unavailable)
Res.Elec. : .       Spirit.Shd : .   (gloves unavailable)
Sust.Abil.: . .     Stasis     : .   (boots unavailable)
Res.Mut.  : .       Ctrl.Telep.: .   (no amulet)
Res.Rott. : .       Levitation : .   (no ring)
Saprovore : . . .   Ctrl.Flight: .   (no ring)

@: agile, quick, somewhat resistant to hostile enchantments, very stealthy
A: paw claws, no armour, no advanced items, fangs 3, see invisible, carnivore 3,
speed 1, slow metabolism 2, AC +1
a: Depart the Abyss, Bend Space, Renounce Religion


You were on level 5 of the Dungeon.
You worshipped Lugonu.
Lugonu was most pleased with you.
You were not hungry.

You visited 2 branches of the dungeon, and saw 7 of its levels.

You collected 120 gold pieces.

Inventory:

Magical devices
 l - a wand of digging (7)
Comestibles
 d - a choko
 i - 2 bread rations
 m - a cheese
 o - an apple
Scrolls
 e - a scroll of fog {!r}
 f - 13 scrolls of remove curse {!r}
 h - a scroll of detect curse {!r}
 q - 2 scrolls of curse jewellery {!r}
 s - a scroll of teleportation {!r}
 u - a scroll of blinking {!r, unknown}
Potions
 a - a potion of poison {!q, unknown}
 b - a potion of levitation {!q}
 j - a potion of restore abilities {!q, unknown}
 n - a potion of degeneration {!q, unknown}
 t - 2 potions of curing {!q}
 v - a potion of berserk rage {!q, unknown}
Books
 c - a book of Minor Magic

   Spells                             Type                      Level
   *Magic Dart                        Conjuration                  1
   *Blink                             Translocation                2
   *Call Imp                          Summoning                    2
   Repel Missiles                     Charms/Air                   2
   Slow                               Hexes                        2
   *Conjure Flame                     Conjuration/Fire             3
   Mephitic Cloud                     Conjuration/Poison/Air       3
 g - a book of Necromancy

   Spells                             Type                      Level
   Pain                               Necromancy                   1
   Animate Skeleton                   Necromancy                   1
   Lethal Infusion                    Charms/Necromancy            2
   Vampiric Draining                  Necromancy                   3
   Regeneration                       Charms/Necromancy            3
   Animate Dead                       Necromancy                   4
   Control Undead                     Necromancy                   4


   Skills:
 * Level 3.8 Fighting
 + Level 3.1 Dodging
 - Level 2.7 Stealth
 + Level 3.5 Spellcasting
 * Level 3.1 Conjurations
 - Level 2.5 Summonings
 - Level 1.5 Translocations
 - Level 2.0 Fire Magic


You had 3 spell levels left.
You knew the following spells:

 Your Spells              Type           Power        Failure   Level  Hunger
a - Magic Dart            Conj           ####.        4%          1    None
b - Call Imp              Summ           ###.......   10%         2    Strawberry
c - Conjure Flame         Fire/Conj      ###......    17%         3    Choko
f - Blink                 Tloc           N/A          12%         2    Strawberry

Dungeon Overview and Level Annotations

Branches:
Dungeon (6/27)             Temple (1/1) D:4
    Orc: D:6-11

Altars:
Ashenzari
Cheibriados
Elyvilon
Fedhas
Makhleb
Nemelex Xobeh
Okawaru
Trog
Yredelemnul
Lugonu

Shops:
D:5: =

Annotations
D:6 Dowan, Duvessa


Innate Abilities, Weirdness & Mutations

You cannot wear armour.
You are incapable of any advanced item manipulation.
Your paws have sharp claws.
You have razor-sharp teeth.
You have supernaturally acute eyesight.
You are carnivorous and can eat meat at any time.
You cover ground quickly.
You are covered in fur (AC +1).
You have a slow metabolism.


Message History

The magic dart hits the giant frog.
The giant frog is severely wounded.
The giant frog hits you. The giant frog hits you. The giant frog hits you!
* * * LOW HITPOINT WARNING * * *
Casting: Magic Dart
Confirm with . or Enter, or press ? or * to list all spells.
You blink.
The giant frog completely misses you.
Casting: Blink
Confirm with . or Enter, or press ? or * to list all spells.
You blink.
Drink which item? (? for menu, Esc to quit)
Really quaff
t - 3 potions of curing {!q}?
You feel better. The giant frog misses you.
Drink which item? (? for menu, Esc to quit)
Really quaff
r - a potion of agility {!q}?
You feel more agile all of a sudden. The giant frog completely misses you.
The giant frog hits you!
You die...

#.......# #.##.# #.......# #8##.#
#.......#####.##.#####
#....................#
.......................
##.......#####........# #
#.......# #........#
...###############.#####........#
...............F@....%..<.......#
............ยง...(...............#
...###############.#####...<....#
#.# #...[..._# #.# #........# #.#
#......... #.# ########## ###.#
#...#


You could see a giant frog.

Vanquished Creatures
  A hound skeleton (D:6)
  3 gnolls (D:2)
  3 adders
  3 giant mites
  2 worms
  A bat skeleton (D:4)
  3 giant geckos
  3 oozes
  8 orcs
  15 goblins
  18 hobgoblins
  A jackal (D:2)
  9 kobolds
  4 quokkas
  11 bats
  4 giant cockroaches
  5 giant newts
  An orc skeleton (D:4)
  An orc zombie (D:4)
  13 rats
  A plant (D:1)
  2 toadstools
112 creatures vanquished.

Vanquished Creatures (collateral kills)
  Blork the orc (Temple)
  2 adders (D:2)
  A giant mite (D:2)
  An orc (D:4)
  2 goblins
  3 jackals (D:2)
  A rat (D:2)
11 creatures vanquished.

Vanquished Creatures (others)
  A crimson imp (D:2)
  An iron imp (D:2)
  A hobgoblin zombie (D:4)
  A jackal zombie (D:2)
  A rat (D:2)
  6 toadstools
11 creatures vanquished.

Grand Total: 134 creatures vanquished

Notes
Turn   | Place    | Note
--------------------------------------------------------------
     0 | D:1      | kDorchaDelvin, the Felid Wizard, began the quest for the Orb.
     0 | D:1      | Reached XP level 1. HP: 6/6 MP: 6/6
    16 | D:1      | Noticed a wyvern
   375 | D:1      | Reached XP level 2. HP: 5/10 MP: 1/8
  1185 | D:2      | Learned a level 2 spell: Blink
  1188 | D:2      | Learned a level 2 spell: Call Imp
  1232 | D:2      | Reached XP level 3. HP: 13/13 MP: 1/11
  2293 | D:1      | Learned a level 3 spell: Conjure Flame
  2477 | D:2      | Reached XP level 4. HP: 17/17 MP: 10/14
  3398 | D:4      | Got an opalescent robe
  3481 | D:4      | Found a bloodstained altar of Trog.
  3484 | D:4      | Found a staircase to the Ecumenical Temple.
  3490 | D:4      | Noticed Blork the orc
  3494 | Temple   | Entered the Ecumenical Temple
  3510 | Temple   | Became a worshipper of Lugonu the Unformed
  3510 | Temple   | Acquired Lugonu's first power
  3808 | Temple   | Reached XP level 5. HP: 14/21 MP: 1/15
  3931 | Temple   | Killed Blork the orc
  4919 | D:3      | Found a snail-covered altar of Cheibriados.
  5377 | D:3      | Killed from afar by an orc priest
  5378 | D:3      | Reached XP level 4. HP: -1/17 MP: 13/14
  5492 | D:5      | Entered Level 5 of the Dungeon
  5492 | D:5      | Found a burning altar of Makhleb.
  5944 | D:5      | Found Qasocay's Jewellery Boutique.
  5961 | D:5      | Found an iron altar of Okawaru.
  6672 | D:3      | Acquired Lugonu's second power
  6672 | D:3      | Reached XP level 5. HP: 21/21 MP: 14/16
  7104 | D:6      | Noticed Duvessa
  7104 | D:6      | Noticed Dowan
  7228 | D:5      | Slain by a giant frog
